 Dungeon Crawl Stone Soup version 0.31-a0-198-g2ad674f65e (webtiles) character file.

Game seed: 13838722703389718025

53 qw the Shooter (level 3, 0/20 HPs)
             Began as a Deep Elf Hunter on June 25, 2023.
             Slain by a gnoll
             ... wielding a +0 club
              (6 damage)
             ... on level 2 of the Dungeon.
             The game lasted 00:00:29 (1381 turns).

qw the Shooter (Deep Elf Hunter)                    Turns: 1381, Time: 00:00:30

Health: 0/20       AC:  5    Str: 10    XL:     3   Next: 64%
Magic:  5/5        EV: 11    Int: 13    God:
Gold:   157        SH:  0    Dex: 18    Spells: 2/2 levels left

rFire   . . .        Y - +0 shortbow
rCold   . . .        (shield currently unavailable)
rNeg    . . .        d - +0 ring mail {Will+}
rPois   .            (no helmet)
rElec   .            (no cloak)
rCorr   .            (no gloves)
SInv    .            (no boots)
Will    +....        (no amulet)
Stlth   +            (no ring)
HPRegen 0.23/turn    (no ring)
MPRegen 0.09/turn

%: no passive effects
@: no status effects
A: no striking features
a: no special abilities


You were on level 2 of the Dungeon.
You visited 1 branch of the dungeon, and saw 3 of its levels.

You collected 157 gold pieces.


   Skills:
 - Level 1.5 Fighting
 + Level 7.1 Ranged Weapons
 - Level 2.4 Dodging
 - Level 1.2 Stealth


You had 2 spell levels left.
You didn't know any spells.
Your spell library was empty.

Inventory:

Hand Weapons
 Y - a +0 shortbow (weapon)
Armour
 d - a +0 ring mail of willpower (worn)
Scrolls
 a - a scroll of identify
Potions
 e - a potion of heal wounds
 f - a potion of lignification {unknown}
 g - a potion of curing {unknown}

Dungeon Overview and Level Annotations

Branches:
Dungeon (3/15)

Altars:


Message History

You start putting on your armour.
You continue putting on your +0 scale mail. x5
You finish putting on your +0 scale mail.
1352 ||| DROPPING +0 leather armour.
You drop a +0 leather armour.
1353 ||| UPGRADING to +0 ring mail of willpower.
You start removing your armour.
You continue taking off your +0 scale mail. x4
You finish taking off your +0 scale mail.
You start putting on your armour.
You continue putting on your +0 ring mail of willpower. x5
You finish putting on your +0 ring mail of willpower.
You feel strong-willed.
1363 ||| DROPPING +0 scale mail.
You drop a +0 scale mail.
Done exploring.
(D) Dungeon
Where to? (* - list waypoints, Enter - D:2, ? - help)
What level of the Dungeon? (default 1, ? - help)
You see here a +0 long sword.
There is a stone staircase leading down here.
You climb downwards.
There is a stone staircase leading up here.
There are monsters nearby!
Waypoint 2 assigned to D:3.
You shoot an arrow. The arrow hits the gnoll.
The gnoll shouts!
The gnoll is lightly wounded.
The gnoll shouts!
The gnoll hits you from afar with a +0 halberd!
Ouch! That really hurt!
The gnoll hits you with a +0 club.
1378 ||| STAIRDANCE The gnoll barely misses you. x2; The gnoll misses you.
You climb upwards.
There is a stone staircase leading down here.
You shoot an arrow. The arrow hits the gnoll!
The gnoll is almost dead.
The gnoll hits you with a +0 club. x2
You shoot an arrow. The arrow hits the gnoll.
You kill the gnoll!
The gnoll hits you with a +0 club.
You die...

###.......[.........#........<...
####.#####.....).................
.# #.# #..)...................%
.###.#####...................^...
.........########.[..............
####.###..### ##................
#.# ##...# #...............(. #
#.# ###.####).....<....[..... #
#.# #..##g@####......#..... ##
#.# ##..#.## #.########### .# #.#
##...# ###.# .# #.## ##..####...#
.###.(# ##.....##.### ..###.#
#..###)##.# #.# #.# #.## #....#
..###.## ##.# #...## ...##..#
#..# #.#.#


You could see a gnoll.

Vanquished Creatures
  An adder (D:2)
  A gnoll (D:2)
  A dart slug (D:2)
  3 ball pythons
  4 endoplasms (D:1)
  2 giant cockroaches
  2 goblins (D:2)
  5 hobgoblins
  5 kobolds
  3 quokkas
  7 bats
  3 frilled lizards
  2 rats
39 creatures vanquished.

Notes
Turn   | Place    | Note
-------+----------+-------------------------------------------
     0 | D:1      | qw the Deep Elf Hunter began the quest for the Orb.
     0 | D:1      | Reached XP level 1. HP: 12/12 MP: 3/3
     0 | D:1      | 0 ||| qw: Version: 0.3-a-22-g0ed2b0b
     0 | D:1      | 0 ||| qw: Game counter: 5380
     0 | D:1      | 0 ||| qw: Melee chars always use a shield: true
     0 | D:1      | 0 ||| qw: God list: Okawaru
     0 | D:1      | 0 ||| qw: Allow faded altars: false
     0 | D:1      | 0 ||| qw: Do Orc after clearing Dungeon:15 true
     0 | D:1      | 0 ||| qw: Do second Lair branch before Depths: true
     0 | D:1      | 0 ||| qw: Lair rune preference: random
     0 | D:1      | 0 ||| qw: Goals: Normal
     0 | D:1      | 0 ||| PLANNING D:1-11
   273 | D:1      | Reached XP level 2. HP: 15/16 MP: 4/4
   294 | D:1      | Reached skill level 6 in Ranged Weapons
   326 | D:1      | Found a faded altar of an unknown god.
   326 | D:1      | Noticed a soul eater
   569 | D:1      | 569 ||| Stepping ~*~*~tactically~*~*~ (outnumbered).
   737 | D:1      | 737 ||| READING 3 scrolls labelled APIQOSTACZIT.
   738 | D:1      | 738 ||| READING scroll labelled BOIFEH IMYO.
   742 | D:1      | 742 ||| READING scroll labelled UTTIDD EPELA.
   743 | D:1      | 743 ||| READING scroll labelled IQOSTR VELENEIL.
   744 | D:1      | 744 ||| READING scroll labelled ZOIH ZEUZOTH.
   745 | D:1      | 745 ||| READING 2 scrolls of identify.
   745 | D:1      | 745 ||| IDENTIFYING grey potion
   746 | D:1      | 746 ||| DROPPING scroll of butterflies.
   769 | D:2      | Reached XP level 3. HP: 15/20 MP: 5/5
   835 | D:2      | 835 ||| FLEEEEING.
   836 | D:2      | 836 ||| FLEEEEING.
   837 | D:2      | 837 ||| FLEEEEING.
   901 | D:2      | Reached skill level 7 in Ranged Weapons
  1342 | D:2      | 1342 ||| UPGRADING to +0 scale mail.
  1352 | D:2      | 1352 ||| DROPPING +0 leather armour.
  1353 | D:2      | 1353 ||| UPGRADING to +0 ring mail of willpower.
  1363 | D:2      | 1363 ||| DROPPING +0 scale mail.
  1378 | D:3      | 1378 ||| STAIRDANCE
  1381 | D:2      | Slain by a gnoll

Levels and vault maps discovered:
D:1:      zelgadis_glass_arrival_small, layout_basic,
          dreamdust_ecumenical_altar_sealed_demon
D:2:      layout_rooms
D:3:      layout_rooms, nicolae_overflow_crystal_walls, uniq_jessica,
          uniq_crazy_yiuf_cottage, uniq_natasha

Skill      XL: |  1  2  3 |
---------------+----------+-----
Ranged Weapons | 6 7 |  7.1
Fighting       | |  1.5
Dodging        | |  2.4
Stealth        | |  1.2

Action                     || total
---------------------------++-------
   Fire: Shortbow          ||    89
    Use: Scroll            ||     6
 Armour: Leather armour    ||     2
  Dodge: Dodged            ||    17

Table legend:
 A = Non-vault XP
 B = Vault XP
 C = Vault XP percentage of total XP
 D = Non-vault monster count
 E = Vault monster count
 F = Vault count percentage of total count
                 A         B        C        D         E       F
            +---------+---------+-------+---------+---------+-------
      Total |      90 |       0 |   0.0 |      39 |       0 |   0.0
            +---------+---------+-------+---------+---------+-------
        D:1 |      34 |       0 |   0.0 |      20 |       0 |   0.0
        D:2 |      56 |       0 |   0.0 |      19 |       0 |   0.0
            +---------+---------+-------+---------+---------+-------
